 Dungeon Crawl Stone Soup version 0.30.1-11-g7821555f0a (webtiles) character file.

Game seed: 2158465616761258011

247 pkoi the Conjurer (level 5, -3/38 HPs)
             Began as a Draconian Conjurer on Nov 10, 2023.
             Slain by Sigmund
             ... wielding a +1 scythe of venom
              (10 damage)
             ... on level 4 of the Dungeon.
             The game lasted 00:06:16 (3816 turns).

pkoi the Conjurer (Draconian Conjurer)              Turns: 3816, Time: 00:06:17

Health: -3/38      AC:  7    Str:  9    XL:     5   Next: 85%
Magic:  4/9        EV: 12    Int: 20    God:
Gold:   95         SH:  0    Dex: 10    Spells: 3/10 levels left

rFire   . . .        b - +3 dagger
rCold   . . .        (no shield)
rNeg    . . .        (body armour unavailable)
rPois   .            c - +0 hat
rElec   .            (no cloak)
rCorr   .            (no gloves)
SInv    .            j - +1 pair of boots
Will    .....        (no amulet)
Stlth   ++           (no ring)
HPRegen 0.26/turn    (no ring)
MPRegen 0.11/turn

%: no passive effects
@: lethally poisoned (-3 -> -12)
A: AC +5, unfitting armour, cold-blooded
a: no special abilities


You were on level 4 of the Dungeon.
You visited 1 branch of the dungeon, and saw 4 of its levels.

You collected 137 gold pieces.
You spent 42 gold pieces at shops.

Inventory:

Hand Weapons
 a - a +0 dagger
 b - a +3 dagger (weapon)
 g - a +0 quarterstaff
Armour
 c - a +0 hat (worn)
 j - a +1 pair of boots (worn)
Scrolls
 d - 2 scrolls of acquirement
 h - 2 scrolls of summoning
Potions
 f - a potion of mutation {unknown}
 l - a potion of might {unknown}
 m - a potion of berserk rage {unknown}
 n - a potion of cancellation {unknown}
 o - a potion of heal wounds {unknown}


   Skills:
 - Level 1.7 Dodging
 - Level 1.7 Stealth
 + Level 3.0 Spellcasting
 + Level 6.0 Conjurations
 + Level 1.0 Hexes
 + Level 2.1 Translocations


You had 3 spell levels left.
You knew the following spells:

 Your Spells              Type           Power      Damage    Failure   Level
a - Magic Dart            Conj           100%       1d8       1%          1
b - Searing Ray           Conj           54%        2d6       1%          2
c - Iskenderun's Mystic   Conj/Tloc      19%        2d6       26%         4

Your spell library contained the following spells:

 Spells                   Type           Power      Damage    Failure   Level
 Dazzling Flash           Conj/Hex       34%        N/A       10%         3
 Fulminant Prism          Conj/Hex       8%         3d7       32%         4
 Iskenderun's Battlesphe  Conj           27%        2d8       32%         5
 Fireball                 Conj/Fire      7%         3d5       75%         5
 Conjure Ball Lightning   Conj/Air       7%         3x3d6     99%         6
 Orb of Destruction       Conj           13%        9d7       100%        7


Dungeon Overview and Level Annotations

Branches:
Dungeon (4/15)
 Temple: D:4-7

Altars:
Fedhas

Shops:
D:2 !

Annotations:
D:4 Sigmund


Innate Abilities, Weirdness & Mutations

Your plain brown scales are hard. (AC +5)
You cannot fit into any form of body armour.
You are cold-blooded and may be slowed by cold attacks.


Message History

Casting: Magic Dart (safe; 1% risk of failure)
Confirm with . or Enter, or press ? or * to list all spells.
You can't see any susceptible monsters within range! (Use Z to cast anyway.)
Casting: Magic Dart (safe; 1% risk of failure)
Confirm with . or Enter, or press ? or * to list all spells.
Aiming: Searing Ray (safe; 1% risk of failure)
Press: ? - help, Shift-Dir - straight line, f - you The searing ray hits something. (Press . to maintain the ray.)
You hear some strange, mumbled words.
Something tries to affect you, but you resist.
Unknown command.
The searing ray hits something!
Something hits you!
* * * LOW HITPOINT WARNING * * *
You are lethally poisoned!
Unknown command.
You feel better.
Casting: Searing Ray (safe; 1% risk of failure)
Confirm with . or Enter, or press ? or * to list all spells.
You can't see any susceptible monsters within range! (Use Z to cast anyway.) Unknown command.
Casting: Searing Ray (safe; 1% risk of failure)
Confirm with . or Enter, or press ? or * to list all spells.
Aiming: Searing Ray (safe; 1% risk of failure)
Press: ? - help, Shift-Dir - straight line, f - you The searing ray hits something. (Press . to maintain the ray.)
Something hits you.
* * * LOW HITPOINT WARNING * * *
You are poisoned.
You feel better.
As you read the scroll of summoning, it crumbles to dust.
Wisps of shadow whirl around you... Something hits you!
* * * LOW HITPOINT WARNING * * *
You are lethally poisoned!
You swap places.
* * * LOW HITPOINT WARNING * * *
You feel very sick. Something hits you!
You die...

#.# #.# #.# #.# #.#
#.####### #{#.....# #
#w#.....##.#
#w@........# ######
#..g.##.....####.#....#
####. #..........#....#
## #####'######....#
.####.............
.........†####....#
##...#............#
........#.#.......#
.#####....#.#......


You could see a friendly worm (summoned), a friendly dart slug (summoned) and a
friendly goblin (summoned, wandering).

Vanquished Creatures
  Terence (D:2)
  Natasha (thrice) (D:3)
  7 adders
  2 worms
  A dart slug (D:3)
  An orc (D:3)
  3 bats
  An endoplasm (D:3)
  9 giant cockroaches
  5 goblins
  8 hobgoblins
  5 jackals
  10 kobolds
  6 quokkas
  3 ball pythons
  5 frilled lizards
  5 rats
75 creatures vanquished.

Notes
Turn   | Place    | Note
-------+----------+-------------------------------------------
     0 | D:1      | pkoi the Draconian Conjurer began the quest for the Orb.
     0 | D:1      | Reached XP level 1. HP: 14/14 MP: 3/3
   151 | D:1      | Reached XP level 2. HP: 20/20 MP: 1/5
   776 | D:1      | Reached skill level 5 in Conjurations
   836 | D:1      | Reached XP level 3. HP: 17/26 MP: 3/6
   866 | D:1      | Learned a level 2 spell: Searing Ray
  1562 | D:2      | Found Qulek's Distillery.
  1610 | D:2      | Bought a potion of curing for 42 gold pieces
  1631 | D:2      | Noticed Terence
  1687 | D:2      | Killed Terence
  1688 | D:2      | Reached XP level 4. HP: 33/33 MP: 1/7
  1924 | D:2      | Learned a level 4 spell: Iskenderun's Mystic Blast
  2111 | D:2      | Found a faded altar of an unknown god.
  2706 | D:3      | Reached skill level 1 in Translocations
  2775 | D:3      | Reached XP level 5. HP: 38/38 MP: 3/9
  2821 | D:3      | Identified 3 scrolls of acquirement
  2880 | D:3      | Noticed Natasha
  2886 | D:3      | Killed Natasha
  3081 | D:3      | Found a blossoming altar of Fedhas.
  3103 | D:3      | Acquired a book of the Spheres
  3175 | D:3      | Noticed Natasha
  3182 | D:3      | Killed Natasha
  3192 | D:3      | Noticed Natasha
  3206 | D:3      | Killed Natasha
  3468 | D:3      | Reached skill level 6 in Conjurations
  3468 | D:3      | Reached skill level 1 in Hexes
  3792 | D:4      | Noticed Sigmund
  3816 | D:4      | Slain by Sigmund

Illustrated notes

Levels and vault maps discovered:
D:1:      lemuel_arrival_hallway, layout_loops_ring,
          nicolae_concentric_dashed_squares_wild
D:2:      layout_loops_ring, ebering_ecumenical_altar_sacrificial, serial_shops,
          nicolae_shop_industrial_runoff, uniq_terence
D:3:      kennysheep_big_flooded_room, layout_basic, fedhas_ov_isle_minmay,
          serial_bayou, serial_bayou_pond_b, serial_bayou_pond_d,
          serial_bayou_shore_b, serial_bayou_pond_c, uniq_natasha
D:4:      layout_basic, portal_sewer_entry_a, gammafunk_ghost_smash,
          uniq_sigmund

Skill      XL: |  1  2  3  4  5 |
---------------+----------------+-----
Conjurations   | 5 6 |  6.0
Translocations | 1 2 |  2.1
Spellcasting   | 3 |  3.0
Hexes          | 1 |  1.0
Dodging        | |  1.7
Stealth        | |  1.7

Action                     |  1- 3 |  4- 6 || total
---------------------------+-------+-------++-------
  Melee: Dagger            |    42 |     5 ||    47
         Tailslap          |     6 |       ||     6
   Cast: Magic Dart        |    70 |    92 ||   162
         Searing Ray       |     1 |     2 ||     3
    Use: Potion            |     1 |     3 ||     4
         Scroll            |     1 |     9 ||    10
 Armour: Skin              |    14 |     2 ||    16
  Dodge: Dodged            |    30 |     8 ||    38
